 Dungeon Crawl Stone Soup version 0.29-a0-559-g359e09b9d1 (webtiles) character file.

Game seed: 5987670892945222673

184 Nedwor the Chopper (level 5, 0/47 HPs)
             Began as a Minotaur Berserker on June 10, 2022.
             Was a Believer of Trog.
             Killed from afar by a dart slug (3 damage)
             ... with a slug dart
             ... on level 3 of the Dungeon.
             The game lasted 00:02:22 (2374 turns).

Nedwor the Chopper (Minotaur Berserker)             Turns: 2374, Time: 00:02:22

Health: 0/47       AC:  2    Str: 23    XL:     5   Next: 36%
Magic:  4/4        EV: 12    Int:  4    God:    Trog [**....]
Gold:   166        SH:  0    Dex: 10    Spells: 4/4 levels left

rFire   . . .      SeeInvis .   a - +0 hand axe
rCold   . . .      Faith    .   (no shield)
rNeg    . . .      Spirit   .   b - +0 animal skin
rPois   .          Reflect  .   (helmet restricted)
rElec   .          Harm     .   (no cloak)
rCorr   .          Rampage  .   (no gloves)
Will    .....                   (no boots)
Stlth   +.........              (no amulet)
HPRegen 0.15/turn               (no ring)
MPRegen 0.09/turn               (no ring)

@: confused
A: horns 2, retaliatory headbutt
a: Renounce Religion, Berserk, Trog's Hand


You were on level 3 of the Dungeon.
You worshipped Trog.
Trog was pleased with you.
You visited 1 branch of the dungeon, and saw 3 of its levels.

You collected 166 gold pieces.

Inventory:

Hand Weapons
 a - a +0 hand axe (weapon)
Armour
 b - a +0 animal skin (worn)
Jewellery
 k - a +6 ring of strength
Wands
 i - a wand of digging (7)
 o - a wand of flame (8)
Scrolls
 d - a scroll of vulnerability {unknown}
 e - a scroll of identify {unknown}
 g - a scroll of fog {unknown}
 m - a scroll of fear {unknown}
 n - a scroll of teleportation {unknown}
Potions
 c - a potion of invisibility {unknown}
 f - 2 potions of curing {unknown}
 h - a potion of haste {unknown}
 j - a potion of attraction {unknown}
 l - 2 potions of lignification {unknown}


   Skills:
 + Level 4.6 Fighting
 * Level 5.4 Axes
 + Level 3.6 Armour
 + Level 3.3 Dodging


You had 4 spell levels left.
You didn't know any spells.
Your spell library was empty.

Dungeon Overview and Level Annotations

Branches:
Dungeon (3/15)

Altars:

Annotations:
D:3 Terence


Innate Abilities, Weirdness & Mutations

You have a pair of horns on your head.
You reflexively headbutt those who attack you in melee.


Message History

Trog accepts your kill.
You hit the adder but do no damage. The adder misses you.
You furiously retaliate!
You headbutt the adder! The adder barely misses you. You furiously retaliate!
You headbutt the adder!
You kill the adder!
Trog accepts your kill.
An orc priest comes into view. It is wielding a +0 short sword.
The orc priest shouts!
You hear a shout!
An orc priest comes into view. It is wielding a +0 dagger.
An orc comes into view. It is wielding a +0 club.
Terence the Incautious comes into view.
He is wielding a +0 hand axe.
The dart slug launches a dart at you. The slug dart misses you.
An orc wizard comes into view. It is wielding a +0 dagger.
The orc shouts!
The orc priest shouts!
The orc wizard shouts!
The dart slug launches a dart at you. The slug dart hits you.
Unknown command.
You barely miss the dart slug. The dart slug bites you.
The orc priest invokes the aid of Beogh against you.
Beogh smites you!
The orc wizard points at you and mumbles some strange words.
You resist with some effort.
You are too injured to fight recklessly!
You are too injured to fight recklessly!
The orc wizard gestures at you while chanting.
You are confused.
The orc priest invokes the aid of Beogh against you.
Pain shoots through your body!
* * * LOW HITPOINT WARNING * * *
Found a robe.
The dart slug launches a dart at you. The slug dart hits you.
* * * LOW HITPOINT WARNING * * *
The orc priest invokes the aid of Beogh against you.
Pain shoots through your body!
* * * LOW HITPOINT WARNING * * *
The dart slug launches a dart at you. The slug dart hits you.
You die...

........#.#
#.#.##.............
........#..#
#.#................
........##.#
#.####.............
#####.####.# #.#
#............. #####.#
#.# #.# ##############
......## #.. #.# .#.....#
#.###.#########
.#.....####..............
.[.......##.....@.......[
##.....#.##..............
.'.....#.....)...........
##.....#....)....o.......
#.....#.......@w........
......#........oo.o.....
....###............[....
.....# #.................
.....# #.................


You could see Terence, 2 orc priests, an orc wizard, a dart slug and an orc.

Vanquished Creatures
  A howler monkey (D:2)
  Natasha (thrice) (D:3)
  2 adders
  A worm (D:3)
  An orc (D:3)
  6 endoplasms
  2 giant cockroaches
  2 goblins
  2 hobgoblins
  8 kobolds
  2 quokkas (D:1)
  3 ball pythons
  8 bats
  6 frilled lizards
  6 rats
53 creatures vanquished.

Notes
Turn   | Place    | Note
-------+----------+-------------------------------------------
     0 | D:1      | Nedwor the Minotaur Berserker began the quest for the Orb.
     0 | D:1      | Reached XP level 1. HP: 19/19 MP: 0/0
   153 | D:1      | Found a faded altar of an unknown god.
   236 | D:1      | Reached XP level 2. HP: 27/27 MP: 1/1
   259 | D:1      | Reached skill level 4 in Axes
   930 | D:2      | Reached XP level 3. HP: 33/33 MP: 2/2
  1138 | D:2      | Reached XP level 4. HP: 40/40 MP: 3/3
  1144 | D:2      | Reached ** piety under Trog
  1549 | D:3      | Noticed Natasha
  1555 | D:3      | Killed Natasha
  1556 | D:3      | Reached skill level 5 in Axes
  1586 | D:3      | Noticed Natasha
  1592 | D:3      | Killed Natasha
  1649 | D:3      | Reached XP level 5. HP: 47/47 MP: 4/4
  1843 | D:3      | Noticed Natasha
  1851 | D:3      | Killed Natasha
  2367 | D:3      | Noticed Terence
  2374 | D:3      | Killed from afar by a dart slug

Illustrated notes

Levels and vault maps discovered:
D:1:      nicolae_arrival_somewhat_less_tricky_arrival, layout_basic,
          basic_ecumenical_altar
D:2:      layout_basic
D:3:      layout_basic, nicolae_elevator_lobby_plus, uniq_terence, uniq_natasha

Skill      XL: |  1  2  3  4 |
---------------+-------------+-----
Axes           | 4 5 |  5.4
Fighting       | 4 |  4.6
Armour         | 3 |  3.6
Dodging        | 3 |  3.3

Action                   |  1- 3 |  4- 6 || total
-------------------------+-------+-------++-------
Melee: Hand axe          |    57 |    43 ||   100
       Headbutt          |     8 |     8 ||    16
Invok: Berserk           |       |     1 ||     1
 Stab: Sleeping          |     1 |       ||     1
Armor: Animal skin       |    19 |     7 ||    26
Dodge: Dodged            |    42 |    29 ||    71

Table legend: (Time is in decaauts)
 A = Elapsed time spent in this place.
 B = Non-inter-level travel time spent in this place.
 C = Inter-level travel time spent in this place.
 D = Time resting spent in this place.
 E = Time spent auto-exploring this place.
 F = Levels seen in this place.
 G = Mean time per level.
                   A        B        C        D        E       F      G
               +--------+--------+--------+--------+--------+-----+--------+
         Total |   2399 |   2350 |     49 |    406 |   1603 |   3 |  799.7 |
       Dungeon |   2399 |   2350 |     49 |    406 |   1603 |   3 |  799.7 |
               +--------+--------+--------+--------+--------+-----+--------+

Top non-repeatable levels by time:
     D:3: 1013 daAuts
     D:1: 852 daAuts
     D:2: 534 daAuts
